 Dungeon Crawl Stone Soup version 0.30-a0-1043-g60ff8d5f49 (webtiles) character file.

Game seed: 1717780776571418996

53 Pimp the Trooper (level 3, 0/33 HPs)
             Began as a Hill Orc Fighter on Apr 10, 2023.
             Slain by an orc wizard
             ... wielding a +0 dagger
              (2 damage)
             ... on level 2 of the Dungeon.
             The game lasted 00:02:33 (1100 turns).

Pimp the Trooper (Hill Orc Fighter)                 Turns: 1100, Time: 00:02:34

Health: 0/33       AC:  7    Str: 26    XL:     3   Next: 89%
Magic:  3/3        EV:  9    Int:  8    God:
Gold:   62         SH:  0    Dex: 10    Spells: 2/2 levels left

rFire   . . .      SeeInvis .    a - +0 war axe
rCold   . . .      Faith    .    c - +0 buckler
rNeg    . . .      Spirit   .    b - +0 scale mail
rPois   .          Reflect  .    (no helmet)
rElec   .          Rampage  .    (no cloak)
rCorr   .                        (no gloves)
Will    .....                    (no boots) Stlth
                                 (no amulet)
HPRegen 0.25/turn                g - +6 ring of strength
MPRegen 0.08/turn                (no ring)

@: confused
A: no striking features
a: no special abilities


You were on level 2 of the Dungeon.
You visited 1 branch of the dungeon, and saw 2 of its levels.

You collected 62 gold pieces.

Inventory:

Hand Weapons
 a - a +0 war axe (weapon)
 i - a +2 mace of holy wrath
Armour
 b - a +0 scale mail (worn)
 c - a +0 buckler (worn)
Jewellery
 f - an amulet of regeneration
 g - a +6 ring of strength (left hand)
 h - a +6 ring of dexterity
Potions
 d - a potion of might
 e - a potion of mutation {unknown}
 j - a potion of brilliance {unknown}


   Skills:
 + Level 4.2 Fighting
 + Level 3.5 Axes
 + Level 3.8 Armour
 + Level 3.8 Shields


You had 2 spell levels left.
You didn't know any spells.
Your spell library was empty.

Dungeon Overview and Level Annotations

Branches:
Dungeon (2/15)

Altars:
Gozag

Shops:
D:1 !


Message History

The orc hits you with a +0 hand axe. Something hits you.
You closely miss the orc.
The orc is severely wounded.
You miss something. The orc barely misses you. You block something's attack.
You block the orc's attack. Something hits you but does no damage.
You closely miss the orc.
The orc is heavily wounded.
You hit something. The orc hits you but does no damage.
You block something's attack.
You slash the orc!
You kill the orc!
You hit something but do no damage. Something completely misses you.
You hear some strange, mumbled words.
A puff of flame appears from out of thin air!
The puff of flame hits you.
Items here: )) [ †.
You slash something!
You hear some strange, mumbled words.
A magic dart appears from out of thin air!
The magic dart hits you. Something hits you but does no damage.
You miss something. Something hits you but does no damage.
You miss something. Something hits you but does no damage.
You miss something.
Something hits you but does no damage. x2
You miss something.
You hear some strange, mumbled words.
A magic dart appears from out of thin air!
The magic dart hits you!
* * * LOW HITPOINT WARNING * * *
You hit something.
You hear some strange, mumbled words.
You are confused.
You hear some strange, mumbled words.
You are more confused.
You bump into the rock wall.
You hear some strange, mumbled words.
A magic dart appears from out of thin air!
The magic dart hits you.
* * * LOW HITPOINT WARNING * * *
You closely miss something. Something hits you.
You die... ##.P PPPPP.PP

#.._...#
#...###......
#......#
##.........
##......##
#..###.....
.........
###.## #.†...
.........
#...# #.....
........#
##.### #.....
.......{###..#
#.....
.......@.†..##
#.....
.......)#####
#.....
........#
#....>
........#
#.##..
........# #.
### #########
#.


There were no monsters in sight!

Vanquished Creatures
  An adder (D:2)
  A dart slug (D:1)
  3 orcs (D:2)
  3 endoplasms
  A giant cockroach (D:1)
  A goblin (D:1)
  4 hobgoblins
  6 jackals (D:1)
  7 kobolds
  A quokka (D:1)
  A ball python (D:1)
  5 bats
  A rat (D:2)
35 creatures vanquished.

Notes
Turn   | Place    | Note
-------+----------+-------------------------------------------
     0 | D:1      | Pimp the Hill Orc Fighter began the quest for the Orb.
     0 | D:1      | Reached XP level 1. HP: 19/19 MP: 1/1
   123 | D:1      | Found Afatagufa's Distillery.
   319 | D:1      | Reached XP level 2. HP: 14/27 MP: 2/2
   449 | D:1      | Reached skill level 4 in Fighting
   504 | D:1      | Reached XP level 3. HP: 33/33 MP: 3/3
  1082 | D:2      | Found an opulent altar of Gozag.
  1100 | D:2      | Slain by an orc wizard

Illustrated notes

Levels and vault maps discovered:
D:1:      dpeg_arrival_chambers_temple_mockup, layout_basic, serial_glass,
          glass_columns_b, glass_columns_a, glass_columns_c, glass_columns_a,
          glass_columns_a, glass_columns_b, glass_columns_a, glass_columns_a,
          serial_shops, nicolae_shop_stone, nrook_campfire
D:2:      layout_rooms, basic_altar, minmay_hedge_maze

Skill      XL: |  1  2 |
---------------+-------+-----
Axes           | 3 |  3.5
Fighting       | 4 |  4.2
Armour         | |  3.8
Shields        | |  3.8

Action                     || total
---------------------------++-------
  Melee: War axe           ||   103
    Use: Scroll            ||     2
 Armour: Scale mail        ||    61
  Dodge: Dodged            ||    48
  Block: Buckler           ||    37

Table legend: (Time is in decaauts)
 A = Elapsed time spent in this place.
 B = Non-inter-level travel time spent in this place.
 C = Inter-level travel time spent in this place.
 D = Time resting spent in this place.
 E = Time spent auto-exploring this place.
 F = Levels seen in this place.
 G = Mean time per level.
                   A        B        C        D        E       F      G
               +--------+--------+--------+--------+--------+-----+--------+
         Total |   1137 |   1103 |     34 |      0 |    795 |   2 |  568.5 |
       Dungeon |   1137 |   1103 |     34 |      0 |    795 |   2 |  568.5 |
               +--------+--------+--------+--------+--------+-----+--------+

Top non-repeatable levels by time:
     D:1: 841 daAuts
     D:2: 296 daAuts
